 Dungeon Crawl Stone Soup version 0.25-a0-645-gb4487340cb (webtiles) character file.

Game seed: 5058684008537533891, levelgen mode: deterministic

156 ReteAZ the Slasher (level 5, -3/41 HPs)
             Began as a Barachi Gladiator on Mar 21, 2020.
             Slain by a black bear (10 damage)
             ... on level 3 of the Dungeon.
             The game lasted 00:03:18 (2744 turns).

ReteAZ the Slasher (Barachi Gladiator)              Turns: 2744, Time: 00:03:18

Health: -3/41      AC:  4    Str: 15    XL:     5   Next: 37%
Magic:  5/5        EV: 14    Int:  8    God:
Gold:   217        SH:  0    Dex: 15    Spells: 4/4 levels left

rFire    . . .     SeeInvis .   a - +0 long sword
rCold    . . .     Gourm    .   (no shield)
rNeg     . . .     Faith    .   b - +0 leather armour
rPois    .         Spirit   .   c - +0 helmet
rElec    .         Reflect  .   (no cloak)
rCorr    .         Harm     .   (no gloves)
MR       .....                  (no boots)
Stlth    +.........             (no amulet)
HPRegen  0.13/turn              (no ring)
MPRegen  0.09/turn              (no ring)

@: slow
A: +LOS, swims, slowness 1, strong legs 1
a: Hop


You were on level 3 of the Dungeon.
You were not hungry.

You visited 1 branch of the dungeon, and saw 3 of its levels.

You collected 217 gold pieces.

Inventory:

Hand Weapons
 a - a +0 long sword (weapon)
Missiles
 d - 2 throwing nets (quivered)
Armour
 b - a +0 leather armour (worn)
 c - a +0 helmet (worn)
Scrolls
 g - a scroll of random uselessness {unknown}
 h - a scroll of teleportation {unknown}
 j - 2 scrolls of immolation {unknown}
 k - 3 scrolls of remove curse {unknown}
 m - 5 scrolls of magic mapping {unknown}
 o - 2 scrolls of identify {unknown}
Potions
 e - 5 potions of might {unknown}
 i - a potion of resistance {unknown}
 l - a potion of degeneration {unknown}
 n - 3 potions of curing {unknown}
 q - a potion of haste {unknown}
Comestibles
 f - 2 rations
 p - 3 chunks of flesh


   Skills:
 + Level 3.6 Fighting
 * Level 5.2 Long Blades
 - Level 2.0 Throwing
 + Level 2.3 Armour
 + Level 4.1 Dodging


You had 4 spell levels left.
You didn't know any spells.
Your spell library was empty.

Dungeon Overview and Level Annotations

Branches:
Dungeon (3/15)

Altars:
Uskayaw

Annotations:
D:3 Sigmund


Innate Abilities, Weirdness & Mutations

You can be seen from farther away. (+LOS)
You can swim through water.
You cover ground slowly.
You can hop short distances.


Message History

The black bear misses you.
You hit the black bear.
The black bear is heavily wounded.
The black bear bites you. The black bear claws you.
The black bear claws you but does no damage.
You hit the black bear but do no damage.
The black bear is heavily wounded.
The black bear bites you. The black bear barely misses you.
The black bear claws you but does no damage.
You hit the black bear.
The black bear is severely wounded.
The black bear goes berserk!
You slash the black bear!
The black bear is almost dead.
The black bear bites you!
* * * LOW HITPOINT WARNING * * *
The black bear barely misses you.
The black bear claws you but does no damage.
The black bear bites you!
You die...

#.##### #.### #. #.#
#.# #. #.# #.# ###.
#รท# #.# #... ##.##
#.# #.## ##...## #.# #
#.....#### #.##
#........#########..##
#.(...##........@hb..#
##...###############.#
##### #...# #.....#
#.....# #..!..#
##...## ..... .....


You could see a black bear (berserk) and a bat.

Vanquished Creatures
  A centaur skeleton (D:3)
  An adder (D:3)
  3 gnolls (D:2)
  An adder skeleton (D:2)
  6 worms
  A dart slug (D:3)
  6 leopard geckos
  2 giant cockroaches
  5 hobgoblins
  10 kobolds
  A ball python (D:2)
  8 bats
  5 frilled lizards
  6 goblins
  8 rats
64 creatures vanquished.

Notes
Turn   | Place    | Note
-------+----------+-------------------------------------------
     0 | D:1      | ReteAZ the Barachi Gladiator began the quest for the Orb.
     0 | D:1      | Reached XP level 1. HP: 17/17 MP: 1/1
   483 | D:1      | Reached XP level 2. HP: 23/23 MP: 2/2
   555 | D:1      | Reached skill level 4 in Long Blades
   584 | D:1      | Reached skill level 1 in Armour
  1326 | D:2      | Reached XP level 3. HP: 28/28 MP: 3/3
  1381 | D:2      | Noticed a +0 dagger
  1382 | D:2      | Noticed a +0 dagger
  1520 | D:2      | Found a hide-covered altar of Uskayaw.
  1755 | D:3      | Reached XP level 4. HP: 35/35 MP: 4/4
  1929 | D:2      | Reached skill level 5 in Long Blades
  2071 | D:2      | Reached XP level 5. HP: 19/41 MP: 5/5
  2480 | D:3      | Noticed Jessica
  2554 | D:3      | Noticed Sigmund
  2733 | D:3      | Noticed a black bear
  2744 | D:3      | Slain by a black bear

Levels and vault maps discovered:
D:1:      roderic_chinese_lattice_arrival, layout_basic, dk_noncrumbling_4
D:2:      layout_basic, dancing_weapons_uskayaw, serial_glass, glass_columns_b,
          glass_columns_a, glass_columns_a, glass_columns_b
D:3:      layout_loops_ring, marbit_many_paths, uniq_crazy_yiuf_cottage,
          uniq_jessica, uniq_sigmund

Skill      XL: |  1  2  3  4 |
---------------+-------------+-----
Long Blades    | 4 5 |  5.2
Armour         | 1 2 |  2.3
Fighting       | 3 |  3.6
Dodging        | 4 |  4.1
Throwing       | |  2.0

Action                   |  1- 3 |  4- 6 || total
-------------------------+-------+-------++-------
Melee: Long sword        |    77 |    92 ||   169
Throw: Throwing net      |       |     1 ||     1
 Abil: Hop               |     1 |       ||     1
 Stab: Sleeping          |       |     2 ||     2
  Eat: Chunk             |     3 |     4 ||     7
Armor: Leather armour    |    22 |    32 ||    54
Dodge: Dodged            |    62 |    83 ||   145
       Rpst.: Long sword |    26 |    25 ||    51

Table legend:
 A = Non-vault XP
 B = Vault XP
 C = Vault XP percentage of total XP
 D = Non-vault monster count
 E = Vault monster count
 F = Vault count percentage of total count
                 A         B        C        D         E       F
            +---------+---------+-------+---------+---------+-------
      Total |     223 |       0 |   0.0 |      64 |       0 |   0.0
            +---------+---------+-------+---------+---------+-------
        D:1 |      33 |       0 |   0.0 |      21 |       0 |   0.0
        D:2 |     102 |       0 |   0.0 |      27 |       0 |   0.0
        D:3 |      88 |       0 |   0.0 |      16 |       0 |   0.0
            +---------+---------+-------+---------+---------+-------
